 Dungeon Crawl Stone Soup version 0.18.1-50-g88ac8fd (webtiles) character file.

441 Gorglomux the Chopper (level 7, -3/60 HPs)
             Began as a Hill Orc Gladiator on Oct 29, 2016.
             Was a Follower of Yredelemnul.
             Slain by a gnoll
             ... wielding a +0 spear
              (8 damage)
             ... on level 5 of the Dungeon.
             The game lasted 00:07:17 (2516 turns).

Gorglomux the Chopper (Hill Orc Gladiator)          Turns: 2516, Time: 00:07:18

Health: -3/60      AC:  7    Str: 22 (25) XL:     7   Next: 2%
Magic:  10/10      EV: 13    Int:  7 (8)  God:    Yredelemnul [*.....]
Gold:   156        SH:  0    Dex: 10 (11) Spells: 0 memorised, 6 levels left

rFire  . . .     SeeInvis +     a - +0 war axe
rCold  . . .     Gourm    .     b - +0 leather armour
rNeg   . . .     Faith    .     (no shield)
rPois  .         Spirit   .     j - +1 helmet
rElec  .         Dismiss  .     s - +0 cloak
rCorr  .         Reflect  .     k - +0 pair of gloves
SustAt .         Harm     .     (no boots)
MR     .....                    (no amulet)
Stlth  +.........               D - ring of see invisible
                                g - +1 ring of evasion

@: mighty, lethally poisoned (-3 -> -31), not resistant to hostile enchantments,
very unstealthy
A: no striking features
a: Animate Remains, Renounce Religion


You were on level 5 of the Dungeon.
You worshipped Yredelemnul.
Yredelemnul was aware of your devotion.
You were not hungry.

You visited 1 branch of the dungeon, and saw 5 of its levels.

You collected 156 gold pieces.

Inventory:

Hand Weapons
 a - a +0 war axe (weapon)
Missiles
 d - 3 throwing nets (quivered)
Armour
 b - a +0 leather armour (worn)
 j - a +1 helmet (worn)
 k - a +0 pair of gloves (worn)
 s - a +0 cloak (worn)
Jewellery
 g - a +1 ring of evasion (left hand)
 u - an uncursed ring of positive energy
 x - an uncursed ring of positive energy
 z - an uncursed ring of sustain attributes
 D - a ring of see invisible (right hand)
Wands
 y - a wand of iceblast (9/15)
 C - a wand of confusion (22/48)
Scrolls
 e - 3 scrolls of identify {unknown}
 h - 2 scrolls of enchant armour {unknown}
 m - 2 scrolls of enchant weapon {unknown}
 n - 2 scrolls of fear {unknown}
 o - a scroll of fog {unknown}
 p - 3 scrolls of recharging {unknown}
 q - 3 scrolls of amnesia {unknown}
 r - a scroll of blinking {unknown}
 w - a scroll of random uselessness {unknown}
 A - a scroll of remove curse {unknown}
 B - a scroll of teleportation {unknown}
Potions
 c - a potion of might
 t - a potion of agility {unknown}
 v - a potion of brilliance {unknown}
 E - a potion of curing {unknown}
Comestibles
 f - 8 bread rations
 l - 3 meat rations
 F - 3 chunks of flesh


   Skills:
 + Level 4.6 Fighting
 * Level 7.7 Axes
 - Level 1.7 Throwing
 - Level 2.4 Dodging
 + Level 4.4 Invocations


You had 6 spell levels left.
You didn't know any spells.

Dungeon Overview and Level Annotations

Branches:
Dungeon (5/15)
 Temple: D:4-7

Altars:
Makhleb
Yredelemnul
The Shining One


Message History

It was a potion of might.
You feel very mighty all of a sudden.
* * * LOW HITPOINT WARNING * * *
You feel very sick.
The gnoll sergeant hits you with a spear of venom.
* * * LOW HITPOINT WARNING * * *
Your howler monkey skeleton hits the gnoll sergeant but does no damage.
Your howler monkey skeleton bites the gnoll sergeant but does no damage.
The gnoll closely misses you.
Drink which item? (? for menu, Esc to quit)
It was a potion of degeneration.
There was something very wrong with that liquid.
You feel weakened.
You feel dopey.
You feel clumsy.
* * * LOW HITPOINT WARNING * * *
You feel sick. The gnoll sergeant barely misses you.
Your howler monkey skeleton hits the gnoll sergeant but does no damage.
Your howler monkey skeleton bites the gnoll sergeant but does no damage.
The gnoll hits you from afar with a spear!
You die...
Your body rises from the dead as a mindless zombie.

...../. #?......
#....... #.......
#.......
###############......
........=........#
..............<..#
.......@Z........#
........g.[......#
........g........#
#####....)###'####
#.....# ... #....('
.. +.._..#. #.....###
#.....#


You could see a gnoll sergeant, a gnoll and a friendly howler monkey skeleton.

Vanquished Creatures
  2 ogres
  A howler monkey (D:5)
  A hound (D:4)
  An orc wizard (D:3)
  2 centaur skeletons (D:4)
  An iguana (D:5)
  5 adders
  An ooze (D:4)
  A dart slug (D:3)
  A giant gecko (D:1)
  7 orcs (D:3)
  A ball python (D:2)
  2 giant cockroaches
  6 goblins
  3 hobgoblins
  6 jackals
  A quokka (D:3)
  4 bats
  3 giant newts
  4 kobolds
  4 rats
57 creatures vanquished.

Vanquished Creatures (others)
  An orc zombie (D:3)
1 creature vanquished.

Grand Total: 58 creatures vanquished

Notes
Turn   | Place    | Note
--------------------------------------------------------------
     0 | D:1      | Gorglomux the Hill Orc Gladiator began the quest for the Orb.
     0 | D:1      | Reached XP level 1. HP: 18/18 MP: 1/1
    95 | D:1      | Reached XP level 2. HP: 25/25 MP: 2/2
   395 | D:1      | Found a glowing golden altar of the Shining One.
   679 | D:2      | Found a basalt altar of Yredelemnul.
   710 | D:2      | Became a worshipper of Yredelemnul the Dark
   746 | D:2      | Reached skill level 5 in Axes
   746 | D:2      | Reached XP level 3. HP: 30/30 MP: 3/3
   772 | D:2      | Reached skill level 1 in Invocations
  1066 | D:3      | Noticed an ogre
  1076 | D:3      | Killed an ogre
  1076 | D:3      | Reached skill level 6 in Axes
  1076 | D:3      | Reached XP level 4. HP: 40/40 MP: 5/5
  1076 | D:3      | Reached XP level 5. HP: 46/46 MP: 6/6
  1251 | D:3      | Reached * piety under Yredelemnul
  2064 | D:4      | Reached XP level 6. HP: 37/52 MP: 8/8
  2149 | D:4      | Reached skill level 7 in Axes
  2462 | D:5      | Entered Level 5 of the Dungeon
  2467 | D:5      | Found a burning altar of Makhleb.
  2498 | D:5      | Reached XP level 7. HP: 50/60 MP: 8/10
  2516 | D:5      | Slain by a gnoll

Skill      XL: |  1  2  3  4  5  6 |
---------------+-------------------+-----
Axes           | 5 6 7 |  7.7
Fighting       | 3 4 |  4.6
Invocations    | 2 3 4 |  4.4
Throwing       | |  1.7
Dodging        | |  2.4

Action                   |  1- 3 |  4- 6 |  7- 9 || total
-------------------------+-------+-------+-------++-------
Melee: War axe           |    68 |   126 |     4 ||   198
Invok: Animate Remains   |       |     8 |       ||     8
Evoke: Wand              |       |     1 |       ||     1
  Use: Potion            |       |       |     2 ||     2
  Eat: Chunk             |     1 |     4 |     1 ||     6
Armor: Leather armour    |    26 |    43 |       ||    69
Dodge: Dodged            |    52 |   111 |     4 ||   167
